 Dungeon Sprint DCSS version 0.20.0-15-g7f486f2 (webtiles) character file.

625 wilfster70 the Cleaver (level 7, -8/74 HPs)
             Began as a Minotaur Berserker on June 16, 2017.
             Was a Priest of Trog.
             Asphyxiated
             ... in the Dungeon (Sprint I: "Red Sonja").
             The game lasted 00:04:50 (475 turns).

wilfster70 the Cleaver (Minotaur Berserker)          Turns: 475, Time: 00:04:50

Health: -8/74      AC: 12    Str: 26    XL:     7   Next: 23%
Magic:  6/6        EV: 11    Int:  4    God:    Trog [***...]
Gold:   186        SH:  0    Dex: 10    Spells: 6/6 levels left

rFire    . . .     SeeInvis .   a - +0 hand axe
rCold    . . .     Gourm    .   (no shield)
rNeg     . . .     Faith    .   l - +0 chain mail
rPois    .         Spirit   .   (helmet restricted)
rElec    .         Reflect  .   (no cloak)
rCorr    .         Harm     .   b - +0 pair of gloves {Str+3}
MR       .....     NoTele   +   (no boots)
Stlth    ..........             (no amulet)
Regen    0.3/turn               (no ring)
MPRegen  0.1/turn               (no ring)

@: lethally poisoned (-8 -> -44), slowed, very slow
A: retaliatory headbutt, horns 2
a: Berserk, Trog's Hand, Burn Spellbooks, Renounce Religion


You were in the Dungeon.
You worshipped Trog.
Trog was most pleased with you.
You were very hungry.

You visited 1 branch You collected 312 gold pieces.
You spent 126 gold pieces at shops.

Inventory:

Hand Weapons
 a - a +0 hand axe (weapon)
Armour
 b - a +0 pair of gloves of strength (worn)
 l - a +0 chain mail (worn)
Wands
 j - a wand of polymorph (14/24)
Scrolls
 i - a scroll of blinking
Potions
 d - a potion of curing
 e - a potion of heal wounds
 f - a potion of haste
 g - 2 potions of magic
 h - a potion of berserk rage
 k - a potion of lignification {unknown}
Comestibles
 c - a bread ration


   Skills:
 + Level 11.6 Fighting
 + Level 12.2 Axes
 + Level 7.5 Armour
 + Level 5.5 Dodging


You had 6 spell levels left.
You didn't know any spells.

Dungeon Overview and Level Annotations

Branches:
Dungeon (1/1)

Altars:
Cheibriados
Dithmenos
Elyvilon
Fedhas
Gozag
Hepliaklqana
Kikubaaqudgha
Makhleb
Nemelex Xobeh
Okawaru
Qazlal
Ru
Sif Muna
Trog
Uskayaw
Vehumet
Xom
Yredelemnul
Zin
The Shining One
Jiyva
Lugonu

Shops:
D [

Annotations:
D Sonja


Innate Abilities, Weirdness & Mutations

You reflexively headbutt those who attack you in melee.
You have a pair of horns on your head.


Message History

* * * LOW HITPOINT WARNING * * *
You feel as though you will be slow longer.
Found 54 gold pieces.
You see here 2 curare-tipped needles.
* * * LOW HITPOINT WARNING * * *
You feel very sick.
Sonja shoots a curare-tipped needle.
The curare-tipped needle completely misses you.
Sonja shoots a curare-tipped needle.
The curare-tipped needle hits you.
You are more poisoned.
You have difficulty breathing.
* * * LOW HITPOINT WARNING * * *
You feel as though you will be slow longer.
You see here 2 curare-tipped needles.
* * * LOW HITPOINT WARNING * * *
You feel very sick.
Sonja shoots a curare-tipped needle.
The curare-tipped needle hits you.
You are more poisoned.
You have difficulty breathing.
You die...

###################
#<.#..').#.['..#__#
#..').#..'..#..'^.+
#..#####'#####'#__#
#..####..#...#(####
#..#__####..##@#
#..#_____##'#(.+
#⌠⌠#_.∩...÷.(._#
####_..__##_.#+#
#_____###'# #######
#.# K.$ $.$# ##.##


You could see Sonja.

Vanquished Creatures
  A slime creature (D)
  Sigmund (D)
  A yak (D)
  An ogre (D)
  A jelly (D)
  Ijyb (D)
6 creatures vanquished.

Notes
Turn   | Place    | Note
-------+----------+-------------------------------------------
     0 | D        | wilfster70 the Minotaur Berserker began the quest for the Orb.
     0 | D        | Reached XP level 1. HP: 19/19 MP: 0/0
     1 | D        | Noticed Ijyb
     4 | D        | Killed Ijyb
     4 | D        | Reached skill level 5 in Fighting
     4 | D        | Reached skill level 5 in Axes
     4 | D        | Reached XP level 2. HP: 29/29 MP: 1/1
    53 | D        | Noticed an ogre
    57 | D        | Killed an ogre
    57 | D        | Reached skill level 7 in Axes
    57 | D        | Reached XP level 3. HP: 39/40 MP: 2/2
    57 | D        | Reached XP level 4. HP: 47/48 MP: 3/3
   178 | D        | Noticed Sigmund
   192 | D        | Killed Sigmund
   192 | D        | Reached ** piety under Trog
   192 | D        | Reached skill level 10 in Axes
   192 | D        | Reached skill level 5 in Armour
   192 | D        | Reached XP level 5. HP: 25/58 MP: 4/4
   192 | D        | Reached XP level 6. HP: 29/66 MP: 5/5
   370 | D        | Found a deep blue altar of Sif Muna.
   372 | D        | Found a radiant altar of Vehumet.
   376 | D        | Reached skill level 10 in Fighting
   392 | D        | Found a burning altar of Makhleb.
   392 | D        | Found a viscous altar of Jiyva.
   392 | D        | Found a shimmering altar of Xom.
   392 | D        | Found a corrupted altar of Lugonu.
   392 | D        | Noticed a slime creature
   405 | D        | Killed a slime creature
   405 | D        | Reached skill level 11 in Axes
   405 | D        | Reached skill level 5 in Dodging
   447 | D        | Found Ynaur's Armour Emporium.
   447 | D        | Found an ancient bone altar of Kikubaaqudgha.
   447 | D        | Found a hazy altar of Hepliaklqana.
   447 | D        | Found a stormy altar of Qazlal.
   447 | D        | Found a hide-covered altar of Uskayaw.
   447 | D        | Found a blossoming altar of Fedhas.
   447 | D        | Found a bloodstained altar of Trog.
   447 | D        | Found an iron altar of Okawaru.
   447 | D        | Found a basalt altar of Yredelemnul.
   447 | D        | Found a glowing golden altar of the Shining One.
   447 | D        | Found a snail-covered altar of Cheibriados.
   447 | D        | Found a sacrificial altar of Ru.
   447 | D        | Found a glowing silver altar of Zin.
   447 | D        | Found a shadowy altar of Dithmenos.
   447 | D        | Found a white marble altar of Elyvilon.
   447 | D        | Noticed a yak
   453 | D        | Killed a yak
   453 | D        | Reached *** piety under Trog
   453 | D        | Reached skill level 12 in Axes
   453 | D        | Reached XP level 7. HP: 31/74 MP: 6/6
   454 | D        | Found an opulent altar of Gozag.
   458 | D        | Found a sparkling altar of Nemelex Xobeh.
   462 | D        | Bought a +0 pair of gloves of strength for 126 gold pieces
   472 | D        | Noticed Sonja
   475 | D        | HP: 3/74 [poisoned by Sonja (curare-tipped needle)]
   475 | D        | Asphyxiated

Skill      XL: |  1  2  3  4  5  6 |
---------------+-------------------+-----
Fighting       | 5 7 9 11 | 11.6
Axes           | 5 7 10 12 | 12.2
Armour         | 3 4 5 7 |  7.5
Dodging        | 3 4 5 |  5.5

Action                   |  1- 3 |  4- 6 |  7- 9 || total
-------------------------+-------+-------+-------++-------
Melee: Hand axe          |     4 |    24 |       ||    28
       Headbutt          |       |     6 |       ||     6
Invok: Berserk           |     2 |     2 |       ||     4
  Eat: Chunk             |       |       |     1 ||     1
Armor: Chain mail        |       |     7 |       ||     7
Dodge: Dodged            |     3 |     5 |     2 ||    10
